 Dungeon Crawl Stone Soup version 0.30-a0-778-g2ef04afb54 (webtiles) character file.

Game seed: 6377997377447992019

555 M4edhros the Charlatan (level 7, -7/43 HPs)
             Began as an Octopode Artificer on Feb 15, 2023.
             Was a Believer of Cheibriados.
             Mangled by a gnoll sergeant
             ... wielding a +0 trident
              (11 damage)
             ... on level 5 of the Dungeon.
             The game lasted 00:08:14 (1989 turns).

M4edhros the Charlatan (Octopode Artificer)         Turns: 1989, Time: 00:08:15

Health: -7/43      AC:  1    Str: 17    XL:     7   Next: 30%
Magic:  8/8        EV: 19    Int: 18    God:    Cheibriados [**....]
Gold:   315        SH:  0    Dex: 18    Spells: 5/8 levels left

rFire   . . .      SeeInvis .      - Unarmed
rCold   . . .      Faith    .    (no shield)
rNeg    . . .      Spirit   .    (helmet restricted)
rPois   .          Reflect  .    (no amulet)
rElec   .          Harm     .    e - ring "Numogah" {EV+5 Str+2}
rCorr   .          Rampage  .    (no ring)
Will    .....                    (no ring)
Stlth   +++                      (no ring)
HPRegen 0.27/turn                (no ring)
MPRegen 0.11/turn                (no ring)
                                 (no ring)
                                 (no ring)

@: very slow
A: almost no armour, amphibious, 8 rings, camouflage 1, gelatinous body 1,
(nimble swimmer 1), tentacles
a: Renounce Religion, Bend Time


You were on level 5 of the Dungeon.
You worshipped Cheibriados.
Cheibriados was pleased with you.
You visited 2 branches of the dungeon, and saw 6 of its levels.

You collected 315 gold pieces.

Inventory:

Hand Weapons
 a - a +1 heavy sling
Missiles
 o - 6 poisoned darts
Jewellery
 e - the ring "Numogah" (left tentacle) {EV+5 Str+2}
   (You acquired it on level 4 of the Dungeon)

   [ring of evasion]

   EV:        It affects your evasion (+5).
   Str:       It affects your strength (+2).
 j - a ring of fire
Wands
 b - a wand of flame (10) (quivered)
 c - a wand of charming (2)
 d - a wand of iceblast (4)
Scrolls
 k - a scroll of noise
 n - a scroll of teleportation {unknown}
 q - a scroll of fog
 r - a scroll of amnesia {unknown}
 s - a scroll of immolation {unknown}
Potions
 g - a potion of resistance {unknown}
 h - a potion of might {unknown}
 i - a potion of mutation {unknown}
 l - a potion of flight {unknown}
 m - a potion of degeneration {unknown}
 p - 3 potions of brilliance {unknown}


   Skills:
 - Level 1.0 Fighting
 - Level 2.3 Dodging
 - Level 1.3 Stealth
 * Level 4.8 Unarmed Combat
 - Level 1.0 Spellcasting
 + Level 2.8 Transmutations
 - Level 3.0 Poison Magic
 - Level 5.0 Evocations


You had 5 spell levels left.
You knew the following spells:

 Your Spells              Type           Power      Damage    Failure   Level
a - Spider Form           Tmut/Pois      11%        N/A       19%         3

Your spell library contained the following spells:

 Spells                   Type           Power      Damage    Failure   Level
 Ensorcelled Hibernation  Hex/Ice        0%         N/A       30%         2
 Sublimation of Blood     Necr           0%         N/A       30%         2
 Petrify                  Tmut/Erth      6%         N/A       73%         4
 Anguish                  Hex/Necr       0%         N/A       89%         4
 Irradiate                Conj/Tmut      3%         3d12      97%         5


Dungeon Overview and Level Annotations

Branches:
Dungeon (5/15)             Temple (1/1) D:4

Altars:
Cheibriados
Dithmenos
Hepliaklqana
Nemelex Xobeh
Qazlal
Trog
Vehumet
Wu Jian
Yredelemnul
The Shining One

Shops:
D:4 :

Annotations:
D:5 3 runed translucent doors, Sokar's ghost, novice HuMo


Innate Abilities, Weirdness & Mutations

You cannot wear most types of armour.
You are amphibious.
You can wear up to eight rings at the same time.
Your skin changes colour to match your surroundings (Stealth+).
Your rubbery body absorbs attacks. (AC +1, EV +1)
((You are camouflaged when in or above water. (Stealth+)))
You have tentacles for arms and can constrict up to eight enemies at once.


Message History

Aiming: Charm
Press: ? - help, Shift-Dir - straight line, f/p - gnoll
Aim: a gnoll, wielding a +2 spear of distortion (chance to affect: 70%)
The gnoll is charmed.
The gnoll sergeant hits you from afar with a +0 trident!
An orc, a hound and a gnoll come into view.
The orc shouts!
The hound barks!
A scorpion comes into view.
A gnoll comes into view. It is wielding a +0 spear.
The gnoll sergeant hits you from afar with a +0 trident!
* * * LOW HITPOINT WARNING * * *
You feel much better.
The gnoll sergeant hits you from afar with a +0 trident!
Okay, then.
Okay, then.
Okay, then.
Unknown command.
Okay, then.
Aiming: Charm
Press: ? - help, Shift-Dir - straight line, f - hound, p - gnoll
Aim: a hound (chance to affect: 70%)
The hound is charmed.
A gnoll comes into view. It is wielding a +0 spear.
The gnoll sergeant hits you from afar with a +0 trident!
* * * LOW HITPOINT WARNING * * *
Aiming: Charm
Press: ? - help, Shift-Dir - straight line, f - orc, p - hound
Aim: an orc, wielding a +0 club (chance to affect: 77%)
The orc is charmed.
The gnoll sergeant closely misses you.
Aiming: Charm
Press: ? - help, Shift-Dir - straight line, f - scorpion, p - hound
Aim: a scorpion (chance to affect: 62%)
The gnoll is charmed.
The gnoll misses your gnoll. The gnoll sergeant closely misses you.
Aiming: Charm
Press: ? - help, Shift-Dir - straight line, f - scorpion, p - hound
Aim: a scorpion (chance to affect: 62%)
The scorpion is charmed.
The gnoll sergeant hits you from afar with a +0 trident!
You die...

..........#
..........#
.........# .
#......... ..##
#..).....#
#...##...)...
#.......s.# #
#.....h@o.####..
......gg..#....#
#.....#g....#
##..g..g....##
#..##.......###.
#..###..........
#.........#.....
....#...........
.##.#...........


You could see a gnoll sergeant, 2 gnolls, a friendly scorpion (charmed), a
friendly hound (charmed), 2 friendly gnolls and a friendly orc (charmed).

Vanquished Creatures
  An ice beast (D:5)
  3 wights (D:5)
  2 hounds (D:4)
  Ijyb (D:5)
  2 gnolls (D:5)
  4 dart slugs
  An orc (D:5)
  2 ball pythons (D:2)
  5 bats
  6 endoplasms
  5 goblins
  6 hobgoblins
  11 jackals
  4 frilled lizards
  2 kobolds (D:4)
  5 rats
60 creatures vanquished.

Vanquished Creatures (collateral kills)
  A phantom (D:5)
  A wight (D:5)
  2 gnolls (D:5)
4 creatures vanquished.

Vanquished Creatures (others)
  A wight (D:5)
1 creature vanquished.

Grand Total: 65 creatures vanquished

Notes
Turn   | Place    | Note
-------+----------+-------------------------------------------
     0 | D:1      | M4edhros the Octopode Artificer began the quest for the
                  | Orb.
     0 | D:1      | Reached XP level 1. HP: 13/13 MP: 1/1
   209 | D:3      | Reached XP level 2. HP: 9/18 MP: 2/2
   338 | D:3      | Reached skill level 4 in Evocations
   376 | D:4      | Found a staircase to the Ecumenical Temple.
   400 | Temple   | Entered the Ecumenical Temple
   419 | Temple   | Became a worshipper of Cheibriados the Contemplative
   628 | D:1      | Reached XP level 3. HP: 16/23 MP: 3/3
  1107 | D:2      | Reached * piety under Cheibriados
  1419 | D:3      | Reached skill level 1 in Unarmed Combat
  1598 | D:4      | Reached skill level 5 in Evocations
  1598 | D:4      | Reached XP level 4. HP: 10/28 MP: 3/5
  1626 | D:4      | Identified a scroll of acquirement
  1629 | D:4      | Acquired the ring "Numogah" {EV+5 Str+2}
  1668 | D:4      | Learned a level 3 spell: Spider Form
  1686 | D:4      | Noticed an ogre
  1703 | D:4      | Found Wounnan's Book Emporium.
  1771 | D:4      | Reached skill level 1 in Spellcasting
  1771 | D:4      | Reached XP level 5. HP: 24/33 MP: 6/6
  1803 | D:4      | Reached ** piety under Cheibriados
  1861 | D:5      | Entered Level 5 of the Dungeon
  1872 | D:5      | Identified the +5 plate armour of Crawling {Harm rN+}
  1881 | D:5      | Reached skill level 1 in Transmutations
  1881 | D:5      | Reached skill level 1 in Poison Magic
  1883 | D:5      | Reached XP level 6. HP: 38/38 MP: 7/7
  1905 | D:5      | Found a runed translucent gate.
  1905 | D:5      | Found a runed translucent gate.
  1907 | D:5      | Found a runed translucent gate.
  1907 | D:5      | Identified the +6 mace of Icseb {heavy, Str+4}
  1907 | D:5      | Identified the +3 chain mail of the Tarantula {Str+2}
  1908 | D:5      | Noticed Sokar's ghost (novice HuMo)
  1962 | D:5      | Noticed Ijyb
  1965 | D:5      | Noticed an ice beast
  1972 | D:5      | Reached XP level 7. HP: 37/43 MP: 8/8
  1981 | D:5      | Killed Ijyb
  1989 | D:5      | Mangled by a gnoll sergeant

Illustrated notes

Levels and vault maps discovered:
D:1:      dpeg_arrival_refuge, layout_rooms
D:2:      layout_basic, uniq_crazy_yiuf_cottage
D:3:      layout_basic, lemuel_flame_loot_1
D:4:      layout_basic, nicolae_ru_the_path_less_chosen,
          minmay_temple_entry_gardened_gates, serial_shops, shop,
          nicolae_hexahallways, hangedman_abyss_or_decor_stabs
D:5:      layout_rooms, biasface_ghost_orc_armoury, serial_bayou_pond_b,
          uniq_ijyb
Temple:   compressed_dpeg_triangle_lava_temple

Skill      XL: |  1  2  3  4  5  6 |
---------------+-------------------+-----
Evocations     | 4 5 |  5.0
Unarmed Combat | 1 2 3 4 |  4.8
Spellcasting   | 1 |  1.0
Transmutations | 1 2 |  2.8
Poison Magic   | 1 3 |  3.0
Fighting       | |  1.0
Dodging        | |  2.3
Stealth        | |  1.3

Action                     |  1- 3 |  4- 6 |  7- 9 || total
---------------------------+-------+-------+-------++-------
  Melee: Unarmed           |   107 |    28 |     4 ||   139
         Constrict         |    30 |    11 |     1 ||    42
         Tentacles         |    24 |    14 |     2 ||    40
         Punch             |       |     2 |     2 ||     4
   Fire: Sling             |     6 |     8 |       ||    14
  Evoke: Wand              |     2 |     6 |    11 ||    19
    Use: Scroll            |     7 |     4 |       ||    11
         Potion            |       |       |     1 ||     1
   Stab: Sleeping          |     7 |       |       ||     7
 Armour: Skin              |    10 |       |       ||    10
  Dodge: Dodged            |    89 |    20 |     9 ||   118

Table legend: (Time is in decaauts)
 A = Elapsed time spent in this place.
 B = Non-inter-level travel time spent in this place.
 C = Inter-level travel time spent in this place.
 D = Time resting spent in this place.
 E = Time spent auto-exploring this place.
 F = Levels seen in this place.
 G = Mean time per level.
                   A        B        C        D        E       F      G
               +--------+--------+--------+--------+--------+-----+--------+
         Total |   2472 |   2197 |    275 |     34 |    637 |   6 |  412.0 |
       Dungeon |   2428 |   2177 |    251 |     34 |    637 |   5 |  485.6 |
        Temple |     43 |     19 |     24 |      0 |      0 |   1 |   43.0 |
               +--------+--------+--------+--------+--------+-----+--------+

Top non-repeatable levels by time:
     D:3: 824 daAuts
     D:4: 535 daAuts
     D:2: 459 daAuts
     D:1: 446 daAuts
     D:5: 163 daAuts
  Temple: 43 daAuts
